AoeStats
← Husánia

MegaRandom

504558104Analyzed
2v2 RM · 26d ago on Sep 5, 2026· 23m 21s· 4 players
Game mode
Random Map
Map size
Medium (4 player)
Population
200
Speed
Normal
Resources
Standard
Victory
Conquest
Starting age
Dark Age
Ending age
Imperial Age
RankedLock teamsTeams togetherTeam positionsShared explorationLock speedFull tech treeHidden civsTurbo modeCheats
Victory
Defeat
🇨🇱 Cumans · Chile
802
+17
🇨🇱 Byzantines · Chile
800
+17
🇭🇺 Magyars · Hungary
837
-18
🇭🇺 Khmer · Hungary
809
-16
pablodespiau
11:07 Feudal Age
19:13 Man-at-Arms
20:10 Forging
20:30 Fletching
20:45 Scale Mail Armor
20:37 Fletching
bryan.serrailler
11:47 Feudal Age
20:08 Fletching
20:37 Scale Mail Armor
22:59 Wheelbarrow
Mathman
9:14 Feudal Age
7:29 Loom
9:46 Double-Bit Axe
10:05 Horse Collar
13:21 Town Watch
20:38 Castle Age
19:13 Wheelbarrow
18:50 Gold Mining
20:45 Bloodlines
Husánia
9:56 Feudal Age
9:59 Loom
11:06 Horse Collar
11:50 Double-Bit Axe
19:37 Castle Age
22:22 Bow Saw
Connection lost

Rejoining the realm…

Still unreachable

The connection could not be restored.

Session expired

The server has moved on; the page needs a fresh start.